 Dungeon Crawl Stone Soup version 0.27.1-2-g3b301248ec (webtiles) character file.

Game seed: 1133015154325362398

9172 MisterFreud the Blocker (level 11, -1/80 HPs)
             Began as a Gnoll Fighter on Sept 29, 2021.
             Was a Plaything of Xom.
             Slain by a four-headed hydra (7 damage)
             ... on level 2 of the Lair of Beasts.
             The game lasted 00:14:03 (9635 turns).

MisterFreud the Blocker (Gnoll Fighter)             Turns: 9635, Time: 00:14:04

Health: -1/80      AC: 10    Str: 15    XL:     11   Next: 42%
Magic:  20/20      EV: 12    Int: 12    God:    Xom [....*.]
Gold:   638        SH: 11    Dex:  9    Spells: 16/22 levels left

rFire    . . .     SeeInvis .   i - +4 dagger (elec)
rCold    . . .     Faith    .   c - +1 kite shield
rNeg     + . .     Spirit   .   l - +0 troll leather armour {Purgy}
rPois    +         Reflect  .   r - +2 helmet
rElec    .         Harm     .   (no cloak)
rCorr    .         Rampage  .   k - +0 pair of gloves
Will     +....                  (no boots)
Stlth    +++.......             (no amulet)
HPRegen  0.00/turn              C - ring of positive energy
MPRegen  0.17/turn              (no ring)

@: unable to read, inhibited regen
A: fangs 1, strong nose, distributed training, clumsy 1, frail 1, strong-willed
1, poison resistance, inhibited regeneration, no potion heal 1, inability to
read while threatened
a: Renounce Religion


You were on level 2 of the Lair of Beasts.
You worshipped Xom.
You were a beloved toy of Xom.
You visited 2 branches of the dungeon, and saw 12 of its levels.

You collected 638 gold pieces.

Inventory:

Hand Weapons
 a - a +0 rapier
 i - a +4 dagger of electrocution (weapon)
 o - a +3 whip of venom
 H - a +5 long sword of freezing
Missiles
 n - 19 boomerangs (quivered)
 F - 88 poisoned darts
 O - a curare-tipped dart
Armour
 b - a +0 scale mail
 c - a +1 kite shield (worn)
 k - a +0 pair of gloves (worn)
 l - a +0 troll leather armour (worn) {Purgy}
 r - a +2 helmet (worn)
Jewellery
 p - a ring of fire
 C - a ring of positive energy (left hand)
 G - a ring of protection from cold
 N - an amulet of regeneration
Wands
 E - a wand of flame (20)
 J - a wand of iceblast (10)
Scrolls
 e - 4 scrolls of enchant weapon
 f - 2 scrolls of teleportation
 g - 2 scrolls of immolation {unknown}
 j - a scroll of amnesia {unknown}
 t - a scroll of fog {unknown}
 u - a scroll of brand weapon
 v - a scroll of enchant armour
 y - 3 scrolls of magic mapping {unknown}
 A - 2 scrolls of holy word {unknown}
 D - a scroll of fear {unknown}
 I - a scroll of noise {unknown}
 M - a scroll of vulnerability {unknown}
Potions
 d - a potion of might
 h - 5 potions of curing
 m - 3 potions of flight
 q - 2 potions of brilliance
 s - 5 potions of degeneration
 w - 2 potions of invisibility
 x - 4 potions of attraction
 z - a potion of haste {unknown}
 B - a potion of heal wounds
 K - 2 potions of berserk rage
 L - 2 potions of lignification


   Skills:
 + Level 9.1 Fighting
 + Level 7.8 Short Blades
 + Level 6.2 Long Blades
 + Level 6.2 Axes
 + Level 6.2 Maces & Flails
 + Level 6.2 Polearms
 + Level 6.2 Staves
 + Level 6.2 Slings
 + Level 6.2 Bows
 + Level 6.2 Crossbows
 + Level 6.2 Throwing
 + Level 9.1 Armour
 + Level 6.2 Dodging
 + Level 6.2 Stealth
 + Level 9.1 Shields
 + Level 6.2 Unarmed Combat
 + Level 6.2 Spellcasting
 + Level 5.2 Conjurations
 + Level 5.2 Hexes
 + Level 5.2 Summonings
 + Level 5.2 Necromancy
 + Level 5.2 Translocations
 + Level 5.2 Transmutations
 + Level 5.2 Fire Magic
 + Level 5.2 Ice Magic
 + Level 5.2 Air Magic
 + Level 5.2 Earth Magic
 + Level 5.2 Poison Magic
 + Level 6.9 Invocations
 + Level 6.2 Evocations


You had 16 spell levels left.
You knew the following spells:

 Your Spells              Type           Power      Damage    Failure   Level
a - Apportation           Tloc           32%        N/A       5%          1
b - Passwall              Tmut/Erth      13%        N/A       8%          2
c - Mephitic Cloud        Conj/Pois/Air  16%        N/A       16%         3

Your spell library contained the following spells:

 Spells                   Type           Power      Damage    Failure   Level
 Animate Skeleton         Necr           32%        N/A       5%          1
 Corona                   Hex            17%        N/A       5%          1
 Foxfire                  Conj/Fire      64%        2x1d7     5%          1
 Magic Dart               Conj           64%        1d6       5%          1
 Shock                    Conj/Air       64%        1d7       5%          1
 Summon Small Mammal      Summ           64%        N/A       5%          1
 Call Imp                 Summ           16%        N/A       8%          2
 Corpse Rot               Necr/Air       N/A        N/A       8%          2
 Poisonous Vapours        Pois/Air       32%        N/A       8%          2
 Slow                     Hex            16%        N/A       8%          2
 Static Discharge         Conj/Air       16%        N/A       8%          2
 Sublimation of Blood     Necr           8%         N/A       8%          2
 Wereblood                Tmut           16%        N/A       8%          2
 Confusing Touch          Hex            16%        N/A       16%         3
 Conjure Flame            Conj/Fire      16%        6-21      16%         3
 Inner Flame              Hex/Fire       16%        N/A       16%         3
 Swiftness                Air            16%        N/A       16%         3
 Vampiric Draining        Necr           8%         2d7       16%         3
 Airstrike                Air            8%         N/A       45%         4
 Cause Fear               Hex            8%         N/A       45%         4
 Petrify                  Tmut/Erth      16%        N/A       45%         4
 Alistair's Intoxication  Tmut/Pois      10%        N/A       82%         5
 Freezing Cloud           Conj/Ice/Air   8%         6-21      82%         5
 Lightning Bolt           Conj/Air       8%         1d20      82%         5
 Metabolic Englaciation   Hex/Ice        8%         N/A       82%         5
 Invisibility             Hex            8%         N/A       100%        6
 Simulacrum               Ice/Necr       8%         N/A       100%        6
 Statue Form              Tmut/Erth      10%        N/A       100%        6
 Summon Hydra             Summ           8%         N/A       100%        7
 Discord                  Hex            8%         N/A       100%        8
 Maxwell's Capacitive Co  Air            8%         ∞         100%        8
 Polar Vortex             Ice            8%         N/A       100%        9


Dungeon Overview and Level Annotations

Branches:
Dungeon (10/15)            Temple (0/1) D:6            Lair (2/6) D:9
  Snake (0/4) Lair:2
  Swamp: Lair:2-4    Shoals: Lair:2-4       Orc: D:9-12

Altars:
Cheibriados
Elyvilon
Fedhas
Trog
Uskayaw
Xom
Yredelemnul
The Shining One

Shops:
D:9 [   D:10 *

Annotations:
D:7 3 runed translucent doors, Crownlay's ghost, novice MiMo
Lair:1 exclusion: oklob plant


Innate Abilities, Weirdness & Mutations

You have very sharp teeth.
Your uncanny sense of smell can sniff out nearby items.
Your experience applies equally to all skills.
You are clumsy. (Dex -2)
You are frail. (-10% HP)
You are strong-willed. (Will+)
Your system is resistant to poisons. (rPois)
You do not regenerate when monsters are visible.
Potions are less effective at restoring your health.
You sometimes lose the ability to read scrolls when taking damage.


Message History

You block the four-headed hydra's attack.
Unknown command.
Unknown command.
You barely miss the four-headed hydra.
The four-headed hydra is severely wounded.
The four-headed hydra bites you!
You feel threatened and lose the ability to read scrolls!
The four-headed hydra bites you. x2
You block the four-headed hydra's attack.
Unknown command.
Unknown command.
Unknown command.
You puncture the four-headed hydra! You bite the four-headed hydra.
The four-headed hydra is severely wounded.
Unknown command.
Unknown command.
Your shield prevents you from hitting the four-headed hydra.
The four-headed hydra is severely wounded.
The four-headed hydra bites you. x3
You block the four-headed hydra's attack.
Unknown command.
Unknown command.
Unknown command.
You hit the four-headed hydra.
The four-headed hydra is severely wounded.
The four-headed hydra bites you!
* * * LOW HITPOINT WARNING * * *
You block the four-headed hydra's attack.
The four-headed hydra bites you.
* * * LOW HITPOINT WARNING * * *
The four-headed hydra bites you!
* * * LOW HITPOINT WARNING * * *
Unknown command.
Unknown command.
Unknown command.
You hit the four-headed hydra.
The four-headed hydra is almost dead.
The four-headed hydra bites you!
You die...
Xom thinks this is hilarious!

### ####### #.########
#...#.#######.....#...
#.....##P#P...#.#.....
#...........+...#.....
#....@##.###...#.##.#.
#....D#### ##.....#.#.
#..[[..# #.#<....P.
##...... #...#.....
###.+.. #####.#+##
#P.### #P.. #.. #P.
##.# . ##..## ##.#


You could see a four-headed hydra.

Vanquished Creatures
  A fire dragon (Lair:1)
  A two-headed ogre (D:9)
  A deep elf pyromancer (D:9)
  A black mamba (Lair:2)
  A gargoyle (D:8)
  2 cane toads
  3 komodo dragons
  A wyvern (D:9)
  A basilisk (D:9)
  2 yaks (Lair:1)
  3 steam dragons
  Menkaure (D:6)
  3 vampire mosquitoes (D:9)
  Edmund (D:4)
  8 water moccasins
  Purgy (D:3)
  A black bear (D:6)
  An ice beast (D:7)
  A tengu (D:9)
  A necrophage (D:6)
  3 ogres
  2 centaurs
  A kobold brigand (D:9)
  5 bullfrogs
  2 scorpions
  A wyvern zombie (D:8)
  4 killer bees (D:9)
  7 wights
  A howler monkey (D:9)
  An electric eel (D:6)
  A centaur zombie (D:5)
  4 hounds
  A jelly (D:7)
  2 orc priests
  A bullfrog skeleton (D:7)
  A centaur skeleton (D:5)
  3 iguanas
  4 orc wizards
  A killer bee zombie (D:6)
  2 hound zombies (D:5)
  2 hound skeletons
  2 howler monkey skeletons
  A howler monkey zombie (D:7)
  3 adders
  A shadow imp (D:5)
  2 white imps
  2 worms
  A dart slug (D:3)
  18 orcs
  5 ball pythons
  9 endoplasms
  12 giant cockroaches (D:2)
  10 goblins
  6 hobgoblins
  4 jackals (D:1)
  4 quokkas
  8 bats
  3 frilled lizards (D:1)
  10 kobolds
  7 rats
192 creatures vanquished.

Vanquished Creatures (collateral kills)
  A komodo dragon (Lair:1)
  3 yaks (Lair:1)
  An iguana (D:5)
5 creatures vanquished.

Vanquished Creatures (others)
  A bush (D:5)
  2 fungi
  11 plants
14 creatures vanquished.

Grand Total: 211 creatures vanquished

Notes
Turn   | Place    | Note
-------+----------+-------------------------------------------
     0 | D:1      | MisterFreud the Gnoll Fighter began the quest for the Orb.
     0 | D:1      | Reached XP level 1. HP: 23/23 MP: 1/1
    69 | D:1      | Reached XP level 2. HP: 28/29 MP: 2/2
   502 | D:1      | Reached XP level 3. HP: 31/35 MP: 3/3
  1099 | D:2      | Reached skill level 1 in Invocations
  1267 | D:2      | Reached skill level 1 in Long Blades
  1267 | D:2      | Reached skill level 1 in Axes
  1267 | D:2      | Reached skill level 1 in Maces & Flails
  1267 | D:2      | Reached skill level 1 in Polearms
  1267 | D:2      | Reached skill level 1 in Staves
  1267 | D:2      | Reached skill level 1 in Slings
  1267 | D:2      | Reached skill level 1 in Bows
  1267 | D:2      | Reached skill level 1 in Crossbows
  1267 | D:2      | Reached skill level 1 in Throwing
  1267 | D:2      | Reached skill level 1 in Dodging
  1267 | D:2      | Reached skill level 1 in Stealth
  1267 | D:2      | Reached skill level 1 in Unarmed Combat
  1267 | D:2      | Reached skill level 1 in Spellcasting
  1267 | D:2      | Reached skill level 1 in Evocations
  1370 | D:2      | Reached XP level 4. HP: 39/41 MP: 5/5
  1979 | D:3      | Reached skill level 1 in Conjurations
  1979 | D:3      | Reached skill level 1 in Hexes
  1979 | D:3      | Reached skill level 1 in Summonings
  1979 | D:3      | Reached skill level 1 in Necromancy
  1979 | D:3      | Reached skill level 1 in Translocations
  1979 | D:3      | Reached skill level 1 in Transmutations
  1979 | D:3      | Reached skill level 1 in Fire Magic
  1979 | D:3      | Reached skill level 1 in Ice Magic
  1979 | D:3      | Reached skill level 1 in Air Magic
  1979 | D:3      | Reached skill level 1 in Earth Magic
  1979 | D:3      | Reached skill level 1 in Poison Magic
  1979 | D:3      | Reached XP level 5. HP: 47/47 MP: 6/6
  2000 | D:3      | Noticed Purgy
  2022 | D:3      | Killed Purgy
  2287 | D:3      | Reached XP level 6. HP: 42/53 MP: 8/8
  2353 | D:3      | Found a faded altar of an unknown god.
  2629 | D:3      | Became a worshipper of Xom of Chaos
  2716 | D:4      | XOM: potion effect (curing)
  2774 | D:4      | Noticed Edmund
  2809 | D:4      | XOM: potion effect (invisibility)
  2810 | D:4      | Killed Edmund
  2811 | D:4      | Reached skill level 5 in Short Blades
  2816 | D:4      | Reached XP level 7. HP: 16/59 MP: 8/10
  2973 | D:4      | Found a basalt altar of Yredelemnul.
  2973 | D:4      | Found a snail-covered altar of Cheibriados.
  2974 | D:4      | Found a hide-covered altar of Uskayaw.
  3009 | D:4      | XOM: chaos upgrade
  3078 | D:4      | XOM: summons 2 hostile demons
  3297 | D:4      | Found a bloodstained altar of Trog.
  3602 | D:5      | Entered Level 5 of the Dungeon
  3604 | D:5      | XOM: summons friendly shadow imp
  3610 | D:4      | XOM: enchant monster (bad)
  3766 | D:5      | XOM: enchant monster (bad)
  3769 | D:5      | XOM: summons 7 friendly demons
  3825 | D:5      | Reached XP level 8. HP: 40/67 MP: 12/12
  3936 | D:5      | XOM: summons 2 hostile demons
  4062 | D:5      | XOM: stat loss: -1 Int (10/11)
  4341 | D:6      | XOM: give mutation
  4341 | D:6      | Gained mutation: You are strong-willed. (Will+) [Xom's
                  | grace]
  4445 | D:6      | Learned a level 1 spell: Apportation
  4448 | D:6      | Learned a level 2 spell: Passwall
  4512 | D:6      | Found a staircase to the Ecumenical Temple.
  4661 | D:6      | XOM: cloud trail
  4714 | D:6      | Noticed Menkaure
  4726 | D:6      | Killed Menkaure
  4818 | D:6      | Found a glowing golden altar of the Shining One.
  4969 | D:6      | XOM: potion effect (heal wounds)
  4977 | D:6      | Reached XP level 9. HP: 61/72 MP: 14/14
  4995 | D:6      | Noticed a gargoyle
  4995 | D:6      | Noticed a four-headed hydra
  5206 | D:7      | Found a runed translucent gate.
  5207 | D:7      | Found a runed translucent gate.
  5208 | D:7      | Found a runed translucent gate.
  5208 | D:7      | Noticed Crownlay's ghost (novice MiMo)
  5283 | D:7      | XOM: confuse monster(s)
  5431 | D:7      | XOM: polymorph water moccasin -> ice beast
  5550 | D:7      | XOM: 8-stop teleportation journey
  5595 | D:7      | XOM: god gift: robe {god gift}
  5872 | D:7      | XOM: give mutations
  5872 | D:7      | Gained mutation: You possess an exceptional clarity of
                  | mind. [Xom's grace]
  5872 | D:7      | Gained mutation: Your system is resistant to poisons.
                  | (rPois) [Xom's grace]
  6162 | D:8      | XOM is BORED!
  6162 | D:8      | XOM: noise
  6274 | D:8      | XOM: god gift: ring mail {god gift}
  6282 | D:8      | Noticed a gargoyle
  6303 | D:8      | XOM: summons friendly ufetubus
  6489 | D:8      | XOM: noise
  6497 | D:8      | XOM: divination: magic mapping
  6504 | D:8      | Killed a gargoyle
  6505 | D:8      | Reached skill level 5 in Invocations
  6674 | D:8      | XOM: give mutations
  6674 | D:8      | Gained mutation: You are clumsy. (Dex -2) [Xom's mischief]
  6674 | D:8      | Lost mutation: You possess an exceptional clarity of mind.
                  | [Xom's mischief]
  6678 | D:8      | Found a white marble altar of Elyvilon.
  6781 | D:8      | XOM: give mutations
  6781 | D:8      | Gained mutation: You are dopey. (Int -2) [Xom's mischief]
  6781 | D:8      | Gained mutation: Your flesh is cold resistant. (rC+) [Xom's
                  | mischief]
  6781 | D:8      | Lost mutation: Your flesh is cold resistant. (rC+) [Xom's
                  | mischief]
  6781 | D:8      | Gained mutation: You sometimes lose the ability to read
                  | scrolls when taking damage. [Xom's mischief]
  7110 | D:9      | XOM: confusion
  7137 | D:9      | Reached XP level 10. HP: 72/80 MP: 17/17
  7212 | D:9      | Found Alob Cog's Antique Armour Emporium.
  7219 | D:9      | Noticed a two-headed ogre
  7219 | D:9      | XOM: potion effect (berserk rage)
  7229 | D:9      | Killed a two-headed ogre
  7230 | D:9      | Reached skill level 5 in Long Blades
  7230 | D:9      | Reached skill level 5 in Axes
  7230 | D:9      | Reached skill level 5 in Maces & Flails
  7230 | D:9      | Reached skill level 5 in Polearms
  7230 | D:9      | Reached skill level 5 in Staves
  7230 | D:9      | Reached skill level 5 in Slings
  7230 | D:9      | Reached skill level 5 in Bows
  7230 | D:9      | Reached skill level 5 in Crossbows
  7230 | D:9      | Reached skill level 5 in Throwing
  7230 | D:9      | Reached skill level 5 in Dodging
  7230 | D:9      | Reached skill level 5 in Stealth
  7230 | D:9      | Reached skill level 5 in Unarmed Combat
  7230 | D:9      | Reached skill level 5 in Spellcasting
  7230 | D:9      | Reached skill level 5 in Evocations
  7311 | D:9      | XOM: noise
  7324 | D:9      | XOM: enchant monster (bad)
  7330 | D:9      | XOM: confusion
  7386 | D:9      | HP: 3/80 [komodo dragon (14)]
  7500 | D:9      | Found a staircase to the Lair.
  7562 | D:9      | XOM: 6-stop teleportation journey
  7602 | D:9      | Noticed a deep elf pyromancer
  7608 | D:9      | Killed a deep elf pyromancer
  7782 | D:9      | XOM: scenery: 1 doors open
  7823 | D:9      | XOM: smoke on damage
  7953 | D:9      | XOM is BORED!
  7953 | D:9      | XOM: polymorph steam dragon -> tengu
  8213 | D:10     | Entered Level 10 of the Dungeon
  8213 | D:10     | Found Beunt's General Store.
  8213 | D:10     | XOM: summons friendly quasit
  8295 | Lair:1   | Entered Level 1 of the Lair of Beasts
  8427 | Lair:1   | Noticed a cane toad
  8435 | Lair:1   | Killed a cane toad
  8529 | Lair:1   | XOM: give mutations
  8529 | Lair:1   | Gained mutation: You are frail. (-10% HP) [Xom's mischief]
  8529 | Lair:1   | Gained mutation: You do not regenerate when monsters are
                  | visible. [Xom's mischief]
  8537 | Lair:1   | XOM: confuse monster(s)
  8538 | Lair:1   | XOM: cast spell 'Monstrous Menagerie'
  8550 | Lair:1   | Reached XP level 11. HP: 56/78 MP: 19/19
  8755 | Lair:1   | Found a blossoming altar of Fedhas.
  8775 | Lair:1   | Noticed an oklob plant
  8835 | Lair:1   | Noticed a fire dragon
  8840 | Lair:1   | XOM: confuse monster(s)
  8887 | Lair:1   | XOM: summons 4 friendly demons
  8894 | Lair:1   | Killed a fire dragon
  8895 | Lair:1   | Reached skill level 5 in Conjurations
  8895 | Lair:1   | Reached skill level 5 in Hexes
  8895 | Lair:1   | Reached skill level 5 in Summonings
  8895 | Lair:1   | Reached skill level 5 in Necromancy
  8895 | Lair:1   | Reached skill level 5 in Translocations
  8895 | Lair:1   | Reached skill level 5 in Transmutations
  8895 | Lair:1   | Reached skill level 5 in Fire Magic
  8895 | Lair:1   | Reached skill level 5 in Ice Magic
  8895 | Lair:1   | Reached skill level 5 in Air Magic
  8895 | Lair:1   | Reached skill level 5 in Earth Magic
  8895 | Lair:1   | Reached skill level 5 in Poison Magic
  8951 | Lair:1   | XOM: divination: detect items
  9128 | Lair:1   | XOM: silly message
  9486 | Lair:2   | Found a staircase to the Snake Pit.
  9516 | Lair:2   | XOM: give mutations
  9516 | Lair:2   | Lost mutation: You are dopey. (Int -2) [Xom's mischief]
  9516 | Lair:2   | Gained mutation: Potions are less effective at restoring
                  | your health. [Xom's mischief]
  9525 | Lair:2   | XOM: summons 1 hostile demon
  9536 | Lair:2   | XOM: snakes to sticks
  9586 | Lair:2   | Learned a level 3 spell: Mephitic Cloud
  9625 | Lair:2   | Noticed a four-headed hydra
  9635 | Lair:2   | Slain by a four-headed hydra

Illustrated notes

Levels and vault maps discovered:
D:1:      wander_arrival_abandoned_jail, layout_basic
D:2:      minmay_roachtagon, layout_basic, minmay_misc_feat_hallway
D:3:      layout_rooms, shapermc_ecumenical_altar_venn, kennysheep_crisscross,
          uniq_purgy
D:4:      layout_loops_ring, nicolae_overflow_quartered_altars, uniq_edmund
D:5:      layout_rooms, kb_lookout_dungeons_type, hangedman_decor_diamond_cutter
D:6:      kennysheep_big_flooded_room, layout_loops_ring,
          lemuel_coloured_pillars_altar, temple_fountains, uniq_menkaure
D:7:      layout_layer_cave, ebering_ghost_rock_garden, chequers_hall_statues_y
D:8:      layout_basic, mainiacjoe_overflow_tiny_flanked, roderic_filled_cross
D:9:      layout_roguey, erik_lair_dragon, serial_shops, shop,
          minmay_crystal_room, grunt_decor_resistance
D:10:     layout_small_grid, serial_shops, shop, special_room [special_room_orc]
Lair:1:   dragon1_lemuel, layout_loops_ring, tgw_fedhas, lemuel_fruit_tree
Lair:2:   layout_roguey, minmay_shoals_entry_hut,
          minmay_snake_entry_six_corridors

Skill      XL: |  1  2  3  4  5  6  7  8  9 10 11 |
---------------+----------------------------------+-----
Invocations    | 1 2 3 4 5 6 |  6.9
Long Blades    | 1 2 3 4 5 6 |  6.2
Axes           | 1 2 3 4 5 6 |  6.2
Maces & Flails | 1 2 3 4 5 6 |  6.2
Polearms       | 1 2 3 4 5 6 |  6.2
Staves         | 1 2 3 4 5 6 |  6.2
Slings         | 1 2 3 4 5 6 |  6.2
Bows           | 1 2 3 4 5 6 |  6.2
Crossbows      | 1 2 3 4 5 6 |  6.2
Throwing       | 1 2 3 4 5 6 |  6.2
Dodging        | 1 2 3 4 5 6 |  6.2
Stealth        | 1 2 3 4 5 6 |  6.2
Unarmed Combat | 1 2 3 4 5 6 |  6.2
Spellcasting   | 1 2 3 4 5 6 |  6.2
Evocations     | 1 2 3 4 5 6 |  6.2
Conjurations   | 1 2 3 4 5 |  5.2
Hexes          | 1 2 3 4 5 |  5.2
Summonings     | 1 2 3 4 5 |  5.2
Necromancy     | 1 2 3 4 5 |  5.2
Translocations | 1 2 3 4 5 |  5.2
Transmutations | 1 2 3 4 5 |  5.2
Fire Magic     | 1 2 3 4 5 |  5.2
Ice Magic      | 1 2 3 4 5 |  5.2
Air Magic      | 1 2 3 4 5 |  5.2
Earth Magic    | 1 2 3 4 5 |  5.2
Poison Magic   | 1 2 3 4 5 |  5.2
Short Blades   | 5 6 7 |  7.8
Fighting       | 7 8 9 |  9.1
Armour         | 7 8 9 |  9.1
Shields        | 7 8 9 |  9.1

Action                   |  1- 3 |  4- 6 |  7- 9 | 10-12 || total
-------------------------+-------+-------+-------+-------++-------
Melee: Rapier            |   151 |    10 |       |       ||   161
       Bite              |     9 |    12 |    35 |    17 ||    73
       Dagger            |       |   172 |   417 |   264 ||   853
Evoke: Wand              |       |       |     2 |     2 ||     4
  Use: Scroll            |       |       |     9 |     3 ||    12
       Potion            |       |       |     1 |     2 ||     3
 Stab: Invisible         |       |     2 |       |       ||     2
       Sleeping          |       |       |     6 |     4 ||    10
       Confused          |       |       |     1 |     2 ||     3
       Distracted        |       |       |       |     1 ||     1
Armor: Scale mail        |    68 |    42 |       |       ||   110
       Troll leather arm |       |    11 |   125 |    54 ||   190
Dodge: Dodged            |    32 |    50 |   135 |    97 ||   314
Block: Kite shield       |    78 |    76 |   188 |   124 ||   466
